 Dungeon Crawl Stone Soup version 0.24.0-13-gcf9b3192b9 (webtiles) character file.

Game seed: 14585743443188545703, levelgen mode: deterministic

687 Robbeasys the Vandal (level 7, -2/60 HPs)
             Began as a Minotaur Berserker on Nov 1, 2019.
             Was a Priest of Trog.
             Slain by a manticore (6 damage)
             ... on level 6 of the Dungeon on Nov 5, 2019.
             The game lasted 00:57:12 (3282 turns).

Robbeasys the Vandal (Minotaur Berserker)           Turns: 3282, Time: 00:57:12

Health: -2/60      AC: 12    Str: 23    XL:     7   Next: 35%
Magic:  6/6        EV: 12    Int:  5    God:    Trog [***...]
Gold:   163        SH:  0    Dex:  9    Spells: 6/6 levels left

rFire    . . .     SeeInvis .   i - +1 hunting sling
rCold    . . .     Gourm    .   (no shield)
rNeg     . . .     Faith    .   l - +0 chain mail
rPois    .         Spirit   .   (helmet restricted)
rElec    .         Reflect  .   (no cloak)
rCorr    .         Harm     .   (no gloves)
MR       .....                  (no boots)
Stlth    ..........             (no amulet)
HPRegen  0.20/turn              n - +4 ring of protection
MPRegen  0.10/turn              a - +4 ring of evasion

@: about to teleport
A: retaliatory headbutt, horns 2
a: Berserk, Trog's Hand, Renounce Religion


You were on level 6 of the Dungeon.
You worshipped Trog.
Trog was most pleased with you.
You were not hungry.

You visited 1 branch of the dungeon, and saw 5 of its levels.

You collected 163 gold pieces.

Inventory:

Hand Weapons
 i - a +1 hunting sling (weapon)
 q - a +0 morningstar
Missiles
 f - 122 stones (quivered)
 h - 23 bolts
Armour
 l - a +0 chain mail (worn)
 A - a +1 leather armour of poison resistance
Jewellery
 a - a +4 ring of evasion (right hand)
 n - a +4 ring of protection (left hand)
 s - an uncursed amulet of magic regeneration
 v - an uncursed ring of wizardry
Wands
 g - a wand of random effects (10)
Scrolls
 o - a scroll of remove curse
 p - a scroll of amnesia {unknown}
 t - a scroll of teleportation
 u - 2 scrolls of identify {unknown}
 w - a scroll of random uselessness {unknown}
 y - a scroll of enchant armour {unknown}
Potions
 d - a potion of berserk rage {unknown}
 e - a potion of resistance {unknown}
 j - a potion of might
 m - a potion of lignification {unknown}
 r - a potion of curing {unknown}
 x - a potion of cancellation {unknown}
Comestibles
 c - 6 rations


   Skills:
 - Level 4.4 Fighting
 - Level 3.9 Maces & Flails
 * Level 5.9(6.9) Slings
 - Level 5.0(6.1) Throwing
 - Level 2.5 Armour
 - Level 2.2 Dodging


You had 6 spell levels left.
You didn't know any spells.
Your spell library was empty.

Dungeon Overview and Level Annotations

Branches:
Dungeon (4/15)
 Temple: D:4-7

Altars:
Gozag
Okawaru
Qazlal
Sif Muna
Trog
Zin

Shops:
D:2 *


Innate Abilities, Weirdness & Mutations

You reflexively headbutt those who attack you in melee.
You have a pair of horns on your head.


Message History

The manticore claws you!
* * * LOW HITPOINT WARNING * * *
Firing (i - inventory)
f - 124 stones (quivered)
Press: ? - help, Shift-Dir - straight line, f/p - manticore
Aim: a manticore (moderately wounded)
You shoot a stone.
Firing (i - inventory)
f - 123 stones (quivered)
Press: ? - help, Shift-Dir - straight line, f/p - manticore
Aim: a manticore (moderately wounded)
You shoot a stone.
You feel less invigorated.
You feel less confused.
The manticore bites you but does no damage.
The manticore claws you but does no damage.
The manticore closely misses you.
As you read the scroll labeled TIZESI GIRO, it crumbles to dust.
You feel strangely unstable.
It was a scroll of teleportation.
The manticore bites you!!
* * * LOW HITPOINT WARNING * * *
The manticore claws you.
You die...

..% .<. H.# ..####.
.....(. .....
##################(.####.
.........(......@Hs....(.
#########################


You could see a manticore and a giant cockroach.

Vanquished Creatures
  Sigmund (D:3)
  Purgy (D:3)
  A sky beast (D:6)
  An orc priest (D:3)
  Natasha (thrice) (D:1)
  Robin (D:2)
  2 gnolls (D:2)
  6 adders
  An ooze (D:1)
  An adder skeleton (D:4)
  2 worms
  A dart slug (D:3)
  2 leopard geckos
  8 orcs
  10 bats
  8 giant cockroaches
  11 hobgoblins
  2 jackals (D:1)
  8 kobolds
  2 quokkas (D:3)
  7 ball pythons
  4 frilled lizards
  19 goblins
  8 rats
110 creatures vanquished.

Vanquished Creatures (others)
  An orc wizard (D:3)
1 creature vanquished.

Grand Total: 111 creatures vanquished

Notes
Turn   | Place    | Note
-------+----------+-------------------------------------------
     0 | D:1      | Robbeasys the Minotaur Berserker began the quest for the
                  | Orb.
     0 | D:1      | Reached XP level 1. HP: 19/19 MP: 0/0
   201 | D:1      | Reached XP level 2. HP: 26/27 MP: 1/1
   517 | D:1      | Reached skill level 1 in Throwing
   517 | D:1      | Reached XP level 3. HP: 34/34 MP: 2/2
   530 | D:2      | Noticed Natasha
   540 | D:1      | Killed Natasha
   547 | D:1      | Noticed Natasha
   559 | D:1      | Killed Natasha
   559 | D:1      | Reached XP level 4. HP: 6/41 MP: 3/3
   994 | D:1      | Noticed Natasha
  1001 | D:1      | Killed Natasha
  1320 | D:2      | Reached ** piety under Trog
  1320 | D:2      | Reached XP level 5. HP: 35/47 MP: 4/4
  1345 | D:2      | Found an iron altar of Okawaru.
  1411 | D:2      | Found an opulent altar of Gozag.
  1417 | D:2      | Found Gozag's Platinum Reserve.
  1564 | D:2      | Noticed Robin
  1598 | D:2      | Killed Robin
  1827 | D:2      | Found a bloodstained altar of Trog.
  1897 | D:2      | Found a bloodstained altar of Trog.
  1908 | D:2      | Found a glowing silver altar of Zin.
  2084 | D:3      | Reached *** piety under Trog
  2088 | D:3      | Reached skill level 5 in Throwing
  2112 | D:3      | Found a stormy altar of Qazlal.
  2214 | D:3      | Noticed Sigmund
  2221 | D:3      | Killed Sigmund
  2221 | D:3      | Reached XP level 6. HP: 53/53 MP: 5/5
  2506 | D:3      | Noticed Purgy
  2521 | D:3      | Killed Purgy
  2542 | D:3      | Upgraded the game from 0.24.0-5-g267a8d59f4 to
                  | 0.24.0-13-gcf9b3192b9
  2548 | D:3      | Reached XP level 7. HP: 53/60 MP: 6/6
  2755 | D:3      | Found a shimmering blue altar of Sif Muna.
  2969 | D:4      | Reached skill level 5 in Slings
  3181 | D:4      | You fall into a shaft and drop 2 floors!
  3257 | D:6      | Noticed a manticore
  3282 | D:6      | Slain by a manticore

Levels and vault maps discovered:
D:1:      dpeg_arrival_three_bigger_balls, layout_basic
D:2:      layout_loops_ring, okawaru_altar_gauntlet_db,
          nicolae_gozag_zags_fifth_avenue, gammafunk_temple_overflow_pools,
          first_ration, bloody_trog, uniq_natasha, uniq_robin
D:3:      layout_loops_ring, tgw_sif, grunt_qazlal_sundering, uniq_purgy,
          uniq_sigmund
D:4:      layout_gridville, minmay_temple_entry_stoned_glass,
          minmay_snake_closets, uniq_eustachio, uniq_grinder, uniq_edmund,
          uniq_ijyb, uniq_pikel
D:6:      layout_loops_ring, cheibriados_altar_1

Skill      XL: |  1  2  3  4  5  6  7 |
---------------+----------------------+-----
Fighting       | 4 |  4.4
Throwing       | 1 2 3 5 |  5.0
Slings         | 3 4 5 |  5.9
Maces & Flails | |  3.9
Armour         | |  2.5
Dodging        | |  2.2

Action                   |  1- 3 |  4- 6 |  7- 9 || total
-------------------------+-------+-------+-------++-------
Melee: Mace              |    34 |       |       ||    34
       Headbutt          |     5 |       |       ||     5
 Fire: Hunting sling     |    31 |   204 |    86 ||   321
Evoke: Wand              |       |     1 |     1 ||     2
  Use: Potion            |     1 |     1 |     1 ||     3
       Scroll            |       |     2 |     1 ||     3
  Eat: Ration            |       |     2 |       ||     2
Armor: Scale mail        |     9 |       |       ||     9
       Chain mail        |    13 |    79 |    34 ||   126
Dodge: Dodged            |    22 |    60 |    29 ||   111
